 Dungeon Crawl Stone Soup version 0.29-a0-582-ge82337ba6a (webtiles) character file.

Game seed: 6742429648162207981

10105 HoaS the Grappler (level 11, -3/110 HPs)
             Began as a Troll Gladiator on June 14, 2022.
             Was a High Priest of Okawaru.
             Slain by a six-headed hydra (12 damage)
             ... on level 10 of the Dungeon.
             The game lasted 00:17:39 (8640 turns).

HoaS the Grappler (Troll Gladiator)                 Turns: 8640, Time: 00:17:40

Health: -3/110     AC: 10    Str: 30    XL:     11   Next: 31%
Magic:  0/12       EV: 17    Int:  4    God:    Okawaru [*****.]
Gold:   950        SH:  0    Dex: 15    Spells: 10/10 levels left

rFire   . . .      SeeInvis .     - Unarmed
rCold   . . .      Faith    .   (no shield)
rNeg    . . .      Spirit   +   y - +0 steam dragon scales
rPois   .          Reflect  .   b - +1 hat
rElec   .          Harm     .   n - +1 cloak
rCorr   .          Rampage  .   (gloves unavailable)
Will    .....                   (boots unavailable)
Stlth   +.........              z - amulet of guardian spirit
HPRegen 1.08/turn               j - +6 ring of strength
MPRegen 0.13/turn               B - +4 ring of evasion

@: no status effects
A: large, unfitting armour, claws 3, regeneration 1, shaggy fur 1, tough skin 1
a: Renounce Religion, Heroism, Finesse, Duel


You were on level 10 of the Dungeon.
You worshipped Okawaru.
Okawaru was extremely pleased with you.
You visited 2 branches of the dungeon, and saw 12 of its levels.

You collected 950 gold pieces.

Inventory:

Missiles
 c - 2 throwing nets (quivered)
Armour
 b - a +1 hat (worn)
 n - a +1 cloak (worn)
 y - +0 steam dragon scales (worn)
Jewellery
 i - a ring of fire
 j - a +6 ring of strength (left claw)
 z - an amulet of guardian spirit (around neck)
 B - a +4 ring of evasion (right claw)
Wands
 m - a wand of paralysis (17)
 o - a wand of polymorph (3)
 A - a wand of iceblast (9)
Scrolls
 a - 3 scrolls of fog
 k - 2 scrolls of poison
 s - a scroll of fear
 t - 6 scrolls of teleportation
 x - 2 scrolls of silence
 C - a scroll of magic mapping
Potions
 e - 4 potions of mutation
 f - a potion of flight {unknown}
 g - 2 potions of heal wounds
 h - 2 potions of curing
 l - 4 potions of attraction
 p - a potion of berserk rage {unknown}
 q - 2 potions of haste
 r - 3 potions of lignification
 v - 4 potions of ambrosia
 w - a potion of resistance {unknown}


   Skills:
 * Level 7.7 Fighting
 - Level 6.0 Throwing
 * Level 8.0 Dodging
 * Level 10.9 Unarmed Combat
 - Level 3.0 Invocations


You had 10 spell levels left.
You didn't know any spells.
Your spell library contained the following spells:

 Spells                   Type           Power      Damage    Failure   Level
 Apportation              Tloc           0%         N/A       50%         1
 Necrotize                Necr           0%         1d4       50%         1
 Sandblast                Erth           0%         2d4       50%         1
 Ensorcelled Hibernation  Hex/Ice        0%         N/A       65%         2
 Passwall                 Tmut/Erth      0%         N/A       65%         2
 Stone Arrow              Conj/Erth      0%         3d7       86%         3
 Swiftness                Air            0%         N/A       86%         3
 Alistair's Intoxication  Tmut/Pois      0%         N/A       100%        5
 Summon Small Mammal      Summ           Unusable   N/A       N/A         1

Dungeon Overview and Level Annotations

Branches:
Dungeon (11/15)            Temple (1/1) D:6            Lair (0/6) D:10
    Orc (0/2) D:11

Altars:
Ashenzari
Cheibriados
Dithmenos
Elyvilon
Fedhas
Gozag
Hepliaklqana
Kikubaaqudgha
Makhleb
Nemelex Xobeh
Okawaru
Qazlal
Ru
Sif Muna
Trog
Uskayaw
Vehumet
Wu Jian
Xom
Yredelemnul
Zin
The Shining One

Shops:
D:2 =   D:3 (   D:7 *=


Innate Abilities, Weirdness & Mutations

You are too large for most types of armour.
You have claws for hands.
Your natural rate of healing is unusually fast.
You are covered in fur. (AC +1)
You have tough skin. (AC +1)


Message History

You swing at nothing.
You barely miss the six-headed hydra. The six-headed hydra bites you!
The six-headed hydra bites you but does no damage.
The six-headed hydra misses you. The six-headed hydra barely misses you.
The six-headed hydra bites you!
* * * LOW HITPOINT WARNING * * *
The six-headed hydra bites you but does no damage.
The yak attacks as you move away! The yak completely misses you.
The six-headed hydra attacks as you move away!
The six-headed hydra misses you.
The six-headed hydra bites you but does no damage. x2
The six-headed hydra completely misses you.
The six-headed hydra closely misses you. x2
You scratch the yak.
The yak is lightly wounded.
The yak completely misses you.
You mangle the yak!!
The yak is severely wounded.
You claw the yak!
You kill the yak!
Okawaru accepts your kill.
That's the wrong kind of item! (Use * to select it.) Fire/throw which item? ([*] to toggle full inventory view, [\] to toss any item) (? for menu, Esc to quit)
Okay, then.
Throw: large rock
Press: ? - help, Shift-Dir - straight line, f/p - six-headed hydra
Aim: a six-headed hydra (83% to hit)
You throw a large rock.
The large rock hits the six-headed hydra!
The six-headed hydra is lightly wounded.
You feel like a meek peon again. The six-headed hydra bites you.
The six-headed hydra bites you!
* * * LOW HITPOINT WARNING * * *
The six-headed hydra closely misses you.
The six-headed hydra bites you but does no damage.
The six-headed hydra completely misses you.
The six-headed hydra bites you!
* * * LOW HITPOINT WARNING * * *
The six-headed hydra bites you!
You die...

#...........#######.#####.
#....##...................
#.......###.###..#########
#....##.##..# #.## #
#.>..##.#..## #.# #
#....##.#.#####.# ##
#######.........#########.
###.###...#......... #@#
#.#...######## ####### #D#
#(>[.....###
#.....###Y###..#####...###
#.....##...†Y..#######.)).
#......!..##............##
#............##########...
#......####.###.....#.....
#......##...##............
#......##.###.............


You could see a six-headed hydra and a yak.

Vanquished Creatures
  Josephine (D:10)
  2 two-headed ogres
  A cyclops (D:10)
  A gargoyle (D:10)
  An unseen horror (D:10)
  2 trolls
  2 hornets (D:9)
  Sigmund (D:6)
  A shadow (D:11)
  11 yaks
  5 wraiths (D:10)
  Grum (D:10)
  A steam dragon (D:8)
  3 vampire mosquitoes (D:11)
  5 orc warriors
  2 wolves (D:10)
  3 ogres
  3 centaurs (D:6)
  A phantom (D:5)
  4 kobold brigands
  2 bullfrogs (D:8)
  A necrophage (D:6)
  2 scorpions
  2 gnoll sergeants (D:10)
  4 wights
  8 killer bees
  2 howler monkeys (D:11)
  4 hounds
  3 orc priests
  4 jellies
  Jessica (D:3)
  5 orc wizards
  An iguana (D:6)
  8 gnolls (D:10)
  4 adders
  A shadow imp (D:6)
  4 white imps
  2 ufetubi (D:5)
  3 adder zombies (D:3)
  2 worms
  A dart slug (D:1)
  25 orcs
  7 endoplasms
  A giant cockroach (D:1)
  16 goblins
  6 hobgoblins
  3 jackals (D:4)
  27 kobolds
  3 quokkas
  8 ball pythons
  5 bats
  3 frilled lizards
  A jackal zombie (D:3)
  3 rats
223 creatures vanquished.

Vanquished Creatures (others)
  A bush (D:6)
1 creature vanquished.

Grand Total: 224 creatures vanquished

Notes
Turn   | Place    | Note
-------+----------+-------------------------------------------
     0 | D:1      | HoaS the Troll Gladiator began the quest for the Orb.
     0 | D:1      | Reached XP level 1. HP: 19/19 MP: 0/0
   181 | D:1      | Reached XP level 2. HP: 27/27 MP: 1/1
   456 | D:1      | Reached skill level 4 in Unarmed Combat
   871 | D:2      | Found Zeteicup's Jewellery Emporium.
   875 | D:2      | Reached XP level 3. HP: 33/33 MP: 2/2
   955 | D:2      | Identified the +4 scale mail of the Tomato {Contam Dex+9
                  | Stlth+}
  1215 | D:2      | Found a faded altar of an unknown god.
  1608 | D:3      | Noticed Jessica
  1614 | D:3      | Killed Jessica
  1615 | D:3      | Reached skill level 5 in Unarmed Combat
  1615 | D:3      | Reached XP level 4. HP: 40/41 MP: 3/3
  1762 | D:3      | Noticed an ogre
  1768 | D:3      | Killed an ogre
  1769 | D:3      | Reached skill level 6 in Unarmed Combat
  1769 | D:3      | Reached XP level 5. HP: 48/48 MP: 4/4
  1827 | D:3      | Found a basalt altar of Yredelemnul.
  1858 | D:3      | Found Ruk Qitt's Weapon Boutique.
  2320 | D:4      | Found a shadowy altar of Dithmenos.
  2407 | D:4      | Reached XP level 6. HP: 57/57 MP: 5/5
  2745 | D:4      | Found a burning altar of Makhleb.
  3106 | D:5      | Entered Level 5 of the Dungeon
  3712 | D:5      | Reached XP level 7. HP: 64/66 MP: 6/6
  3941 | D:6      | Found an ornate altar of the Wu Jian Council.
  4012 | D:6      | Reached skill level 7 in Unarmed Combat
  4306 | D:6      | Found a staircase to the Ecumenical Temple.
  4348 | Temple   | Entered the Ecumenical Temple
  4603 | Temple   | Became a worshipper of Warmaster Okawaru
  4781 | D:6      | Noticed Sigmund
  4789 | D:6      | Killed Sigmund
  4790 | D:6      | Reached XP level 8. HP: 73/78 MP: 7/7
  5213 | D:7      | Reached skill level 1 in Invocations
  5269 | D:7      | Found a radiant altar of Vehumet.
  5284 | D:6      | Reached * piety under Okawaru
  5405 | D:7      | Identified the +0 chain mail of the Will of the Gods {rC+
                  | MP+9 SInv}
  5492 | D:7      | Found Zonnonuu's Jewellery Emporium.
  5528 | D:7      | Found a white marble altar of Elyvilon.
  5574 | D:7      | Found Tevocl Ceim's Assorted Antiques.
  5798 | D:7      | Reached skill level 5 in Dodging
  5798 | D:7      | Reached skill level 8 in Unarmed Combat
  5907 | D:8      | Reached XP level 9. HP: 68/87 MP: 9/9
  5928 | D:8      | Reached ** piety under Okawaru
  5936 | D:8      | Reached skill level 5 in Fighting
  6219 | D:8      | Noticed a two-headed ogre
  6227 | D:8      | Killed a two-headed ogre
  6282 | D:8      | Reached skill level 9 in Unarmed Combat
  6363 | D:8      | Reached *** piety under Okawaru
  6724 | D:8      | Found a glowing golden altar of the Shining One.
  6759 | D:9      | Noticed a two-headed ogre
  6765 | D:9      | Killed a two-headed ogre
  6766 | D:9      | Reached XP level 10. HP: 98/98 MP: 11/11
  6767 | D:9      | Found a shimmering altar of Xom.
  6769 | D:9      | Noticed an angel
  6773 | D:9      | Found a glowing silver altar of Zin.
  6891 | D:9      | Found a hide-covered altar of Uskayaw.
  6913 | D:9      | Reached **** piety under Okawaru
  6993 | D:9      | Identified a scroll of acquirement
  6993 | D:9      | Acquired 346 gold pieces
  7088 | D:9      | Paralysed by a hornet for 2 turns
  7094 | D:9      | Reached skill level 5 in Throwing
  7514 | D:9      | Found a shimmering blue altar of Sif Muna.
  7581 | D:10     | Entered Level 10 of the Dungeon
  7583 | D:10     | Reached skill level 10 in Unarmed Combat
  7634 | D:10     | Found a staircase to the Lair.
  7689 | D:10     | Received a gift from Okawaru
  7700 | D:10     | Noticed Grum
  7716 | D:10     | Noticed a gargoyle
  7718 | D:10     | Killed Grum
  7730 | D:10     | Killed a gargoyle
  7808 | D:10     | Reached ***** piety under Okawaru
  8093 | D:10     | Noticed Josephine
  8103 | D:10     | Killed Josephine
  8104 | D:10     | Reached XP level 11. HP: 57/109 MP: 4/12
  8383 | D:10     | Found a hazy altar of Hepliaklqana.
  8552 | D:11     | Found a staircase to the Orcish Mines.
  8609 | D:11     | Noticed a six-headed hydra
  8640 | D:10     | Slain by a six-headed hydra

Illustrated notes

Levels and vault maps discovered:
D:1:      lightli_arrival_quake, layout_loops_ring, serial_rivers,
          chequers_serial_rivers_small_3, chequers_serial_rivers_small_a,
          chequers_serial_rivers_small_a, chequers_serial_rivers_micro_c,
          chequers_serial_rivers_micro_a, chequers_serial_rivers_micro_a
D:2:      layout_loops_ring, serial_shops, nicolae_shop_stone,
          chequers_ecumenical_altar_simple, serial_bayou_crossing
D:3:      layout_rooms, nicolae_yredelemnul_corpse_copse, serial_shops, shop,
          uniq_jessica
D:4:      layout_layer_cave, nicolae_dithmenos_shadow_blocks, marbit_many_paths,
          hex_tiny
D:5:      layout_gridville
D:6:      layout_loops_corners, mainiacjoe_overflow_paths,
          minmay_temple_entry_gardened_gates, ldierk_geyser,
          kb_lookout_dungeons_type, st_stairs_12, uniq_sigmund
D:7:      layout_basic, vehumet_crystals, elyvilon_altar_4, serial_shops,
          nicolae_shop_statue_plus, nicolae_square_shop
D:8:      layout_rooms, tso_oasis_becter, st_stairs_11,
          kennysheep_generic_room_11
D:9:      layout_small_grid, grunt_temple_overflow_order_and_chaos_1, tgw_sif,
          nicolae_uskayaw_murder_on_the_dancefloor
D:10:     layout_rooms, lemuel_round_altar, lair_entry_dummy, uniq_grum,
          uniq_josephine
D:11:     layout_cross, david_orc_3, enter_trove_6, nicolae_twisting_strands
Temple:   dpeg_chambers_temple

Skill      XL: |  1  2  3  4  5  6  7  8  9 10 11 |
---------------+----------------------------------+-----
Unarmed Combat | 4 5 6 7 8 9 10 | 10.9
Fighting       | 2 3 4 6 7 |  7.7
Throwing       | 2 3 4 5 6 |  6.0
Dodging        | 3 4 5 6 7 8 |  8.0
Invocations    | 2 3 |  3.0

Action                   |  1- 3 |  4- 6 |  7- 9 | 10-12 || total
-------------------------+-------+-------+-------+-------++-------
Melee: Unarmed           |   102 |   103 |   163 |   224 ||   592
       Punch             |     4 |     1 |     8 |    11 ||    24
Throw: Throwing net      |       |     1 |     2 |       ||     3
       Large rock        |       |       |       |     1 ||     1
Invok: Heroism           |       |       |       |     4 ||     4
Evoke: Wand              |       |       |     7 |     2 ||     9
  Use: Scroll            |     6 |     6 |     6 |     6 ||    24
       Potion            |       |       |     1 |     1 ||     2
 Stab: Distracted        |     1 |       |       |       ||     1
       Held in net/web   |       |     1 |     1 |       ||     2
       Sleeping          |       |     2 |     1 |     1 ||     4
Armor: Robe              |    35 |    36 |    24 |       ||    95
       Steam dragon scal |       |       |     8 |    54 ||    62
Dodge: Dodged            |    51 |    60 |    66 |   208 ||   385

Table legend: (Time is in decaauts)
 A = Elapsed time spent in this place.
 B = Non-inter-level travel time spent in this place.
 C = Inter-level travel time spent in this place.
 D = Time resting spent in this place.
 E = Time spent auto-exploring this place.
 F = Levels seen in this place.
 G = Mean time per level.
                   A        B        C        D        E       F      G
               +--------+--------+--------+--------+--------+-----+--------+
         Total |   8580 |   8244 |    336 |    852 |   5844 |  12 |  715.0 |
       Dungeon |   8312 |   8021 |    291 |    852 |   5630 |  11 |  755.6 |
        Temple |    268 |    223 |     45 |      0 |    214 |   1 |  268.0 |
               +--------+--------+--------+--------+--------+-----+--------+

Top non-repeatable levels by time:
     D:4: 1093 daAuts
     D:6: 1029 daAuts
     D:1: 878 daAuts
    D:10: 876 daAuts
     D:8: 861 daAuts
     D:9: 855 daAuts
     D:5: 746 daAuts
     D:7: 717 daAuts
     D:2: 571 daAuts
     D:3: 560 daAuts
  Temple: 268 daAuts
    D:11: 122 daAuts
